 Dungeon Crawl Stone Soup version 0.31-a0-233-g139696dc86 (webtiles) character file.

Game seed: 10101678932073167388

22 Barbarella the Shooter (level 3, 0/20 HPs)
             Began as a Kobold Hexslinger on July 7, 2023.
             Succumbed to a kobold's poison
             ... on level 2 of the Dungeon.
             The game lasted 00:04:11 (807 turns).

Barbarella the Shooter (Kobold Hexslinger)           Turns: 807, Time: 00:04:12

Health: 0/20       AC:  3    Str:  5    XL:     3   Next: 7%
Magic:  4/4        EV: 12    Int: 14    God:
Gold:   27         SH:  0    Dex: 19    Spells: 3/4 levels left

rFire   . . .        a - +0 dagger
rCold   . . .        (no shield)
rNeg    . . .        c - +1 robe
rPois   .            (no helmet)
rElec   .            (no cloak)
rCorr   .            (no gloves)
SInv    .            (no boots)
Will    .....        (no amulet)
Stlth   +++          (no ring)
HPRegen 0.23/turn    (no ring)
MPRegen 0.09/turn

%: no passive effects
@: lethally poisoned (0 -> -22), about to teleport, constricted
A: small, no large weapons, nightstalker 3
a: no special abilities


You were on level 2 of the Dungeon.
You visited 1 branch of the dungeon, and saw 2 of its levels.

You collected 27 gold pieces.

Inventory:

Hand Weapons
 a - a +0 dagger (weapon)
 b - a +1 sling
Armour
 c - a +1 robe (worn)
Scrolls
 f - a scroll of poison
 h - a scroll of teleportation
Potions
 d - a potion of brilliance {unknown}
 j - 2 potions of mutation


   Skills:
 - Level 1.1 Fighting
 * Level 0.9 Short Blades
 + Level 3.2 Ranged Weapons
 + Level 3.0 Dodging
 + Level 1.7 Stealth
 - Level 1.1 Spellcasting
 - Level 3.0 Hexes


You had 3 spell levels left.
You knew the following spells:

 Your Spells              Type           Power      Damage    Failure   Level
a - Slow                  Hex            36%        N/A       8%          1

Your spell library contained the following spells:

 Spells                   Type           Power      Damage    Failure   Level
 Inner Flame              Hex/Fire       4%         N/A       38%         3
 Portal Projectile        Hex/Tloc       8%         N/A       38%         3
 Cause Fear               Hex            4%         N/A       58%         4


Dungeon Overview and Level Annotations

Branches:
Dungeon (2/15)

Altars:

Annotations:
D:2 1 runed translucent door, Crazy Yiuf


Innate Abilities, Weirdness & Mutations

You are small and have problems with some larger weapons.
You are completely attuned to the shadows.


Message History

You see here a +2 hammer of protection.
Found a runed translucent door.
Found a hammer.
Press: ? - help, v - describe, . - travel
Here: Crazy Yiuf, wielding a +4 quarterstaff of chaos and wearing a +0 cloak (asleep, fire blocked by a runed translucent door)
The floor.
You see here a +2 hammer of protection.
A ball python comes into view.
A kobold comes into view. It is wielding a +0 whip of venom.
Found a scroll of identify.
The ball python hisses angrily.
The ball python bites you but does no damage.
The ball python grabs you. The ball python constricts you.
You hit the ball python.
The ball python is heavily wounded.
The ball python barely misses you. The ball python constricts you.
The ball python bites you but does no damage.
The ball python constricts you. The kobold hits you but does no damage.
You are poisoned.
You barely miss the ball python.
The ball python is heavily wounded.
You feel very sick.
The ball python bites you but does no damage.
The ball python constricts you.
You hit the ball python.
The ball python is severely wounded.
You feel sick. The kobold hits you but does no damage.
You are lethally poisoned!
The ball python bites you. The ball python constricts you.
It was a potion of cancellation.
You feel magically purged.
You feel very sick. The kobold hits you but does no damage.
You are more poisoned.
The ball python bites you.
* * * LOW HITPOINT WARNING * * *
The ball python constricts you.
* * * LOW HITPOINT WARNING * * *
As you read the scroll of teleportation, it crumbles to dust.
You feel strangely unstable.
You die...

#....#
#....#..#
#....#..
#..KS#.# #
#...@#.##.#
#?........#
#.####.###
. #.# #.#
#.# #.#
.... #.#
#.....#
#.####


You could see a ball python and a kobold.

Vanquished Creatures
  A dart slug (D:1)
  4 endoplasms (D:1)
  3 giant cockroaches (D:1)
  A goblin (D:1)
  A quokka (D:1)
  2 bats (D:1)
  A frilled lizard (D:1)
  A kobold (D:1)
  5 rats (D:1)
19 creatures vanquished.

Notes
Turn   | Place    | Note
-------+----------+-------------------------------------------
     0 | D:1      | Barbarella the Kobold Hexslinger began the quest for the
                  | Orb.
     0 | D:1      | Reached XP level 1. HP: 12/12 MP: 2/2
   163 | D:1      | Reached skill level 1 in Stealth
   211 | D:1      | Reached XP level 2. HP: 16/16 MP: 3/3
   456 | D:1      | Reached XP level 3. HP: 20/20 MP: 4/4
   778 | D:2      | Found a runed translucent door.
   781 | D:2      | Noticed Crazy Yiuf
   807 | D:2      | Succumbed to a kobold's poison

Illustrated notes

Levels and vault maps discovered:
D:1:      pf_arrival_petrified_forest, layout_loops_ring
D:2:      layout_basic, serial_shops, nicolae_shop_real_fake_doors,
          solitary_fountain, uniq_natasha, uniq_crazy_yiuf_cottage

Skill      XL: |  1  2 |
---------------+-------+-----
Stealth        | 1 |  1.7
Ranged Weapons | 3 |  3.2
Dodging        | 3 |  3.0
Fighting       | |  1.1
Short Blades   | |  0.9
Spellcasting   | |  1.1
Hexes          | |  3.0

Action                     || total
---------------------------++-------
  Melee: Dagger            ||    23
   Fire: Sling             ||    16
   Cast: Slow              ||     2
    Use: Scroll            ||     6
         Potion            ||     1
   Stab: Sleeping          ||     3
 Armour: Robe              ||     8
  Dodge: Dodged            ||    13

Table legend: (Time is in decaauts)
 A = Elapsed time spent in this place.
 B = Non-inter-level travel time spent in this place.
 C = Inter-level travel time spent in this place.
 D = Time resting spent in this place.
 E = Time spent auto-exploring this place.
 F = Levels seen in this place.
 G = Mean time per level.
                   A        B        C        D        E       F      G
               +--------+--------+--------+--------+--------+-----+--------+
         Total |    808 |    774 |     34 |      0 |    667 |   2 |  404.0 |
       Dungeon |    808 |    774 |     34 |      0 |    667 |   2 |  404.0 |
               +--------+--------+--------+--------+--------+-----+--------+

Top non-repeatable levels by time:
     D:1: 760 daAuts
     D:2: 48 daAuts
